 Dungeon Crawl Stone Soup version 0.28-a0-265-g048bc9fd10 (webtiles) character file.

Game seed: 9177200670278055196

60 dolemite99 the Chopper (level 4, -7/39 HPs)
             Began as a Hill Orc Monk on Aug 28, 2021.
             Was a Priest of Dithmenos.
             Mangled by an ogre (15 damage)
             ... on level 3 of the Dungeon.
             The game lasted 00:02:24 (3576 turns).

dolemite99 the Chopper (Hill Orc Monk)              Turns: 3576, Time: 00:02:25

Health: -7/39      AC:  5    Str: 14    XL:     4   Next: 6%
Magic:  4/4        EV: 11    Int: 10    God:    Dithmenos [***...]
Gold:   79         SH:  0    Dex: 13    Spells: 3/3 levels left

rFire   . . .      SeeInvis .   a - +0 hand axe
rCold   . . .      Faith    .   (no shield)
rNeg    . . .      Spirit   .   p - +0 ring mail
rPois   .          Reflect  .   (no helmet)
rElec   .          Harm     .   (no cloak)
rCorr   .          Rampage  .   (no gloves)
Will    .....                   (no boots)
Stlth   +.........              (no amulet)
HPRegen 0.13/turn               (no ring)
MPRegen 0.09/turn               (no ring)

@: wreathed by umbra
A: no striking features
a: Renounce Religion, Shadow Step


You were on level 3 of the Dungeon.
You worshipped Dithmenos.
Dithmenos was most pleased with you.
You visited 1 branch of the dungeon, and saw 3 of its levels.

You collected 79 gold pieces.

Inventory:

Hand Weapons
 a - a +0 hand axe (weapon)
 i - a +3 vampiric dagger
Missiles
 j - 51 stones (quivered)
 m - 25 arrows
 n - 37 sling bullets
Armour
 b - a +0 robe
 p - a +0 ring mail (worn)
Jewellery
 k - a ring of wizardry
Scrolls
 f - a scroll of immolation {unknown}
 l - a scroll of identify {unknown}
 o - a scroll of brand weapon {unknown}
 q - a scroll of teleportation {unknown}
 r - a scroll of vulnerability {unknown}
 s - a scroll of enchant weapon {unknown}
Potions
 c - a potion of lignification {unknown}
 d - a potion of flight {unknown}
 g - 2 potions of mutation {unknown}
 h - 2 potions of magic {unknown}


   Skills:
 - Level 3.6 Fighting
 + Level 6.4 Axes
 - Level 2.4 Dodging
 - Level 1.5 Stealth


You had 3 spell levels left.
You didn't know any spells.
Your spell library was empty.

Dungeon Overview and Level Annotations

Branches:
Dungeon (3/15)

Altars:
Dithmenos
Wu Jian


Message History

You kill the goblin!
Dithmenos accepts your kill.
Things that are here:
a +0 dagger; a +0 leather armour No target in view!
Found a scroll labelled GAIDGH LODESOTI.
j - 50 stones (gained 1) No target in view!
No target in view!
r - a scroll labelled GAIDGH LODESOTI
s - a scroll labelled KINNONUIGG
j - 51 stones (gained 1)
g - 2 sedimented red potions (gained 1)
Found an ornate altar of the Wu Jian Council.
An ogre comes into view. It is wielding a +0 giant spiked club.
The ogre moves out of view.
The ogre shouts!
An ogre is nearby!
You hit the ogre.
The ogre is lightly wounded.
The ogre barely misses you.
You barely miss the ogre.
The ogre is lightly wounded.
The ogre closely misses you.
You barely miss the ogre.
The ogre is lightly wounded.
The ogre hits you with a +0 giant spiked club!!
Ouch! That really hurt!
You emit a cloud of dark smoke.
You feel better.
You hit the ogre.
The ogre is moderately wounded.
The ogre misses you.
You hit the ogre.
The ogre is heavily wounded.
The ogre hits you with a +0 giant spiked club!
* * * LOW HITPOINT WARNING * * *
There is a stone staircase leading up here.
The ogre hits you with a +0 giant spiked club!
You die...

.#.##.#.##.#.. ###.......#
...........#...# #.......#.#
.#......## #...# #.......#.#
.#.##.### #...# #.......#.#
.#.##.# #...#####...##..#.####
.#.##.######)..............#.##..
.#.##........>......รท........##..
......................#.##.......
##.###.........O@...........###..
#.# #######...#####.##.###.# #..
#.# #.........##.# #.# ### #.#
#...##.......###.### #.#
##...##.##.##.......# #.#
###<....#.##.##.###.#.#
#.######...###.#.##........#.###
#..........# #.#.#.....#####.##.
#.##...###.#.......# #>##.


You could see an ogre.

Vanquished Creatures
  An adder (D:2)
  A dart slug (D:2)
  5 endoplasms
  2 giant cockroaches
  3 goblins
  7 hobgoblins
  4 jackals (D:1)
  3 quokkas
  3 ball pythons
  A bat (D:1)
  A frilled lizard (D:1)
  5 kobolds
  9 rats
45 creatures vanquished.

Vanquished Creatures (others)
  A fungus (D:1)
  5 plants (D:1)
6 creatures vanquished.

Grand Total: 51 creatures vanquished

Notes
Turn   | Place    | Note
-------+----------+-------------------------------------------
     0 | D:1      | dolemite99 the Hill Orc Monk began the quest for the Orb.
     0 | D:1      | Reached XP level 1. HP: 19/19 MP: 1/1
   660 | D:1      | Reached XP level 2. HP: 26/26 MP: 2/2
   793 | D:1      | Reached skill level 5 in Axes
   979 | D:1      | Found a faded altar of an unknown god.
  1160 | D:1      | Reached XP level 3. HP: 31/31 MP: 3/3
  1246 | D:1      | Became a worshipper of Dithmenos the Shadowed
  1246 | D:1      | Reached * piety under Dithmenos
  1246 | D:1      | Reached ** piety under Dithmenos
  1861 | D:2      | Reached skill level 6 in Axes
  2372 | D:2      | Reached *** piety under Dithmenos
  3340 | D:3      | Reached XP level 4. HP: 35/39 MP: 4/4
  3529 | D:3      | Found an ornate altar of the Wu Jian Council.
  3540 | D:3      | Noticed an ogre
  3576 | D:3      | Mangled by an ogre

Illustrated notes

Levels and vault maps discovered:
D:1:      nicolae_arrival_washed_ashore, layout_loops_ring,
          dreamdust_ecumenical_altar_grove
D:2:      layout_basic, bh_walls_and_bars
D:3:      layout_loops_cross, eat_drink_and_be_merry_uskayaw,
          pdpol_wu_jian_five_deadly_venoms, minmay_ogre_servants

Skill      XL: |  1  2  3 |
---------------+----------+-----
Axes           | 5 6 |  6.4
Fighting       | |  3.6
Dodging        | |  2.4
Stealth        | |  1.5

Action                   |  1- 3 |  4- 6 || total
-------------------------+-------+-------++-------
Melee: Hand axe          |   147 |    16 ||   163
Throw: Stone             |    20 |     2 ||    22
  Use: Potion            |     1 |     1 ||     2
 Stab: Sleeping          |     4 |       ||     4
Armor: Robe              |    18 |       ||    18
       Ring mail         |     1 |     1 ||     2
Dodge: Dodged            |    98 |    10 ||   108

Table legend: (Time is in decaauts)
 A = Elapsed time spent in this place.
 B = Non-inter-level travel time spent in this place.
 C = Inter-level travel time spent in this place.
 D = Time resting spent in this place.
 E = Time spent auto-exploring this place.
 F = Levels seen in this place.
 G = Mean time per level.
                   A        B        C        D        E       F      G
               +--------+--------+--------+--------+--------+-----+--------+
         Total |   3582 |   3536 |     46 |   1129 |   1829 |   3 | 1194.0 |
       Dungeon |   3582 |   3536 |     46 |   1129 |   1829 |   3 | 1194.0 |
               +--------+--------+--------+--------+--------+-----+--------+

Top non-repeatable levels by time:
     D:2: 1658 daAuts
     D:1: 1554 daAuts
     D:3: 369 daAuts
